 Dungeon Crawl Stone Soup version 0.22.0-34-g4f65f92 (webtiles) character file.

204571 omnifroodle the Carver (level 18, -13/142 HPs)
             Began as a Gnoll Wanderer on Aug 23, 2018.
             Was the Champion of Cheibriados.
             Mangled by an eight-headed hydra (25 damage)
             ... on level 4 of the Swamp.
             The game lasted 03:09:13 (34690 turns).

omnifroodle the Carver (Gnoll Wanderer)            Turns: 34690, Time: 03:09:14

Health: -13/142    AC: 23    Str: 51    XL:     18   Next: 65%
Magic:  30/37      EV: 23    Int: 39    God:    Cheibriados [******]
Gold:   716        SH: 22    Dex: 37    Spells: 2/41 levels left

rFire    + . .     SeeInvis +   a - +12 mace of Magnificence {holy, *Rage Int+5 Dex+9}
rCold    . . .     Gourm    .   J - +4 shield of Valiance {Regen+ Str+4 Int-2}
rNeg     . . .     Faith    .   e - +2 leather armour of Niggoidgho {*Drain Str+7}
rPois    .         Spirit   .   M - +2 helmet {SInv}
rElec    +         Reflect  .   Q - scarf {cloud immunity}
rCorr    .         Harm     .   j - +0 pair of gloves
MR       +....     Rnd*Rage +   q - +2 pair of boots
Stlth    ++++++....             Y - amulet of regeneration
HPRegen  1.13/turn              n - ring "Peolenik" {Wiz rElec rF+ Str+7}
MPRegen  0.25/turn              L - ring of Robustness {AC+8}

@: about to teleport, berserk cooldown, very slightly contaminated, slowed,
constricted, drained, very slow
A: distributed training, fangs 1, high mp 1, mutation resistance 1, electricity
resistance, strong nose
}: 1/15 runes: gossamer
a: Bend Time, Temporal Distortion, Slouch, Step From Time, Renounce Religion


You were on level 4 of the Swamp.
You worshipped Cheibriados.
Cheibriados was exalted by your worship.
You were near starving.

You visited 6 branches of the dungeon, and saw 30 of its levels.
You also visited: Sewer and Ossuary.

You collected 3101 gold pieces.
You spent 2385 gold pieces at shops.

Inventory:

Hand Weapons
 a - the +12 mace of Magnificence (weapon) {holy, *Rage Int+5 Dex+9}
   (You bought it in a shop on level 2 of the Orcish Mines)

   It has been blessed by the Shining One to cause great damage to the undead
   and demons.
   It affects your intelligence (+5).
   It affects your dexterity (+9).
   It may make you go berserk in combat.
 m - a +9 long sword of freezing
 P - the +7 halberd "Hiefeot" {flame, rF+ Dex+4}
   (You found it on level 10 of the Dungeon)

   It has been specially enchanted to burn those struck by it, causing extra
   injury to most foes and up to half again as much damage against particularly
   susceptible opponents.
   Big, fiery blades are also staple armaments of hydra-hunters.
   It affects your dexterity (+4).
   It protects you from fire.
Missiles
 x - 728 stones (quivered)
Armour
 e - the +2 leather armour of Niggoidgho (worn) {*Drain Str+7}
   (You bought it in a shop on level 1 of the Orcish Mines)

   It affects your strength (+7).
   It causes draining when unequipped.
 i - a scarf of resistance
 j - a +0 pair of gloves (worn)
 q - a +2 pair of boots (worn)
 u - the +0 plate armour of Atejuiv {rF+ rN+ Str+4 Dex-5}
   (You acquired it on level 4 of the Spider Nest)

   It affects your strength (+4).
   It affects your dexterity (-5).
   It protects you from fire.
   It protects you from negative energy.
 A - +0 swamp dragon scales
 E - a scarf of repulsion
 F - a +0 shield of reflection
 J - the +4 shield of Valiance (worn) {Regen+ Str+4 Int-2}
   (You acquired it on level 1 of the Elven Halls)

   It affects your strength (+4).
   It affects your intelligence (-2).
   It increases your rate of regeneration.
 M - a +2 helmet of see invisible (worn)
 Q - a scarf of cloud immunity (worn)
Magical Staves
 b - an uncursed staff of power
 K - an uncursed staff of wizardry
Jewellery
 n - the ring "Peolenik" (left hand) {Wiz rElec rF+ Str+7}
   (You found it on level 6 of the Lair of Beasts)

   [ring of wizardry]

   It improves your spell success rate.
   It affects your strength (+7).
   It protects you from fire.
   It insulates you from electricity.
 p - an uncursed ring of magical power
 w - an uncursed ring of resist corrosion
 y - the ring of Keenn {MR+ SInv}
   (You found it on level 1 of the Lair of Beasts)

   [ring of see invisible]

   It affects your resistance to hostile enchantments.
   It lets you see invisible.
 L - the ring of Robustness (right hand) {AC+8}
   (You found it on level 8 of the Dungeon)

   [ring of protection]

   It affects your AC (+8).
 W - a +5 ring of strength
 Y - an amulet of regeneration (around neck)
Wands
 c - a wand of polymorph (14)
 h - a wand of paralysis (39)
 l - a wand of digging (19)
 o - a wand of disintegration (6)
 D - a wand of iceblast (26)
 I - a wand of enslavement (13)
 O - a wand of acid (25)
 S - a wand of scattershot (1)
Scrolls
 g - 11 scrolls of remove curse
 s - 5 scrolls of amnesia
 v - 9 scrolls of teleportation
 z - 7 scrolls of magic mapping
 C - a scroll of fear
 G - 2 scrolls of identify
 R - a scroll of enchant armour
 U - a scroll of blinking
Potions
 d - 3 potions of brilliance
 k - 9 potions of curing
 r - 2 potions of invisibility
 t - 3 potions of agility
 H - a potion of might
 N - a potion of heal wounds
 T - 5 potions of flight
 V - 4 potions of ambrosia
 X - a potion of magic
 Z - a potion of cancellation
Miscellaneous
 B - a lamp of fire
Comestibles
 f - 59 rations


   Skills:
 + Level 12.8(12.1) Fighting
 + Level 12.1(11.4) Short Blades
 + Level 13.5(12.8) Long Blades
 + Level 12.1(11.4) Axes
 + Level 12.1(11.4) Maces & Flails
 + Level 12.1(11.4) Polearms
 + Level 12.1(11.4) Staves
 + Level 12.1(11.4) Slings
 + Level 12.1(11.4) Bows
 + Level 12.1(11.4) Crossbows
 + Level 12.1(11.4) Throwing
 + Level 12.8(12.1) Armour
 + Level 12.1(11.4) Dodging
 + Level 12.7(12.0) Stealth
 + Level 12.3(11.7) Shields
 + Level 12.1(11.4) Unarmed Combat
 + Level 12.1(11.4) Spellcasting
 + Level 10.4(9.7) Conjurations
 + Level 10.4(9.7) Hexes
 + Level 10.4(9.7) Charms
 + Level 10.4(9.7) Summonings
 + Level 10.4(9.7) Necromancy
 + Level 10.4(9.7) Translocations
 + Level 10.4(9.7) Transmutations
 + Level 10.4(9.7) Fire Magic
 + Level 10.4(9.7) Ice Magic
 + Level 10.4(9.7) Air Magic
 + Level 10.4(9.7) Earth Magic
 + Level 10.4(9.7) Poison Magic
 + Level 13.1(12.4) Invocations
 + Level 12.1(11.4) Evocations


You had 2 spell levels left.
You knew the following spells:

 Your Spells              Type           Power        Failure   Level  Hunger
a - Sandblast             Erth           ######       1%          1    None
b - Force Lance           Conj/Tloc      #######.     1%          4    None
c - Stone Arrow           Conj/Erth      ######       1%          3    None
d - Petrify               Tmut/Erth      #######.     1%          4    None
e - Lee's Rapid Deconstr  Erth           #######...   1%          5    None
f - Spectral Weapon       Hex/Chrm       #######.     1%          3    None
g - Song of Slaying       Chrm           #######.     1%          2    None
h - Olgreb's Toxic Radia  Pois           #######.     1%          4    None
i - Fulminant Prism       Conj/Hex       #######...   1%          4    None
j - Freezing Cloud        Conj/Ice/Air   #######...   3%          6    ###....
k - Searing Ray           Conj           ######       1%          2    None
l - Infusion              Chrm           ####         1%          1    None

Your spell library contained the following spells:

 Spells                   Type           Power        Failure   Level  Hunger
 Animate Skeleton         Necr           N/A          1%          1    None
 Confusing Touch          Hex            ######       1%          1    None
 Corona                   Hex            #######      1%          1    None
 Magic Dart               Conj           ####         1%          1    None
 Pain                     Necr           ####         1%          1    None
 Shock                    Conj/Air       ####         1%          1    None
 Sting                    Conj/Pois      ####         1%          1    None
 Blink                    Tloc           N/A          1%          2    None
 Call Imp                 Summ           #######.     1%          2    None
 Corpse Rot               Necr           N/A          1%          2    None
 Ensorcelled Hibernation  Hex/Ice        ######       1%          2    None
 Passwall                 Tmut/Erth      #######.     1%          2    None
 Poisonous Vapours        Pois/Air       ######       1%          2    None
 Shroud of Golubria       Chrm/Tloc      #######...   1%          2    None
 Slow                     Hex            #######.     1%          2    None
 Sublimation of Blood     Necr           #######...   1%          2    None
 Throw Frost              Conj/Ice       ######       1%          2    None
 Confuse                  Hex            #######.     1%          3    None
 Conjure Flame            Conj/Fire      #######.     1%          3    None
 Dazzling Spray           Conj/Hex       ######       1%          3    None
 Gell's Gravitas          Tloc           #######...   1%          3    None
 Ignite Poison            Fire/Tmut/Pois #######.     1%          3    None
 Mephitic Cloud           Conj/Pois/Air  #######.     1%          3    None
 Regeneration             Chrm/Necr      #######...   1%          3    None
 Tukima's Dance           Hex            #######.     1%          3    None
 Vampiric Draining        Necr           #######...   1%          3    None
 Animate Dead             Necr           N/A          1%          4    None
 Iskenderun's Mystic Bla  Conj           #######.     1%          4    None
 Throw Icicle             Conj/Ice       #######.     1%          4    None
 Agony                    Necr           #######.     1%          5    None
 Alistair's Intoxication  Tmut/Pois      #######.     1%          5    None
 Bolt of Draining         Conj/Necr      #######...   1%          5    None
 Dispel Undead            Necr           #######.     1%          5    None
 Excruciating Wounds      Chrm/Necr      #######...   1%          5    None
 Irradiate                Conj/Tmut      #######...   1%          5    None
 Metabolic Englaciation   Hex/Ice        #######...   1%          5    None
 Venom Bolt               Conj/Pois      #######...   1%          5    None
 Yara's Violent Unravell  Hex/Tmut       #######...   1%          5    None
 Hydra Form               Tmut           #######...   3%          6    ###....
 Statue Form              Tmut/Erth      #######..    3%          6    ###....
 Dragon Form              Tmut           #######...   16%         7    #####..
 Ring of Flames           Chrm/Fire      #######...   16%         7    #####..


Dungeon Overview and Level Annotations

Branches:
Dungeon (13/15)            Temple (0/1) D:6            Lair (6/6) D:8
  Swamp (4/4) Lair:2       Spider (4/4) Lair:3        Slime (0/5) Lair:6
    Orc (2/2) D:12            Elf (1/3) Orc:2        Vaults (0/5) D:13

Altars:
Cheibriados
Dithmenos
Elyvilon
Fedhas
Gozag
Hepliaklqana
Kikubaaqudgha
Makhleb
Nemelex Xobeh
Qazlal
Ru
Xom
Yredelemnul
Zin
Beogh

Shops:
D:7 *(%=   D:12 (   Orc:1 **   Orc:2 (([*:

Annotations:
Lair:1 1 runed door, ProzacElf's ghost, journeyman MfVM
Elf:1 exclusion: orange crystal statue, Frances


Innate Abilities, Weirdness & Mutations

Your experience applies equally to all skills.
You have very sharp teeth.
Your uncanny sense of smell can sniff out nearby items.
You have an increased reservoir of magic. (+10% MP)
You are somewhat resistant to further mutation.
You are resistant to electric shocks. (rElec)


Message History

You block the eight-headed hydra's attack. x2
The eight-headed hydra closely misses you.
The eight-headed hydra bites you but does no damage.
The eight-headed hydra misses you. The eight-headed hydra bites you.
* * * LOW HITPOINT WARNING * * *
You block the eight-headed hydra's attack. x2
The spectral spiny frog closely misses you.
The spectral anaconda completely misses you.
The spectral anaconda constricts you.
The spectral swamp dragon completely misses you. x2
The spectral swamp dragon misses you.
The ghost crab breathes spectral mist at you.
The spectral mist engulfs the eight-headed hydra.
The eight-headed hydra is engulfed in spectral mist.
The eight-headed hydra barely misses you.
The eight-headed hydra bites you!!
* * * LOW HITPOINT WARNING * * *
You block the eight-headed hydra's attack.
The eight-headed hydra bites you!!
You die...

♣♣♣♣♣ ♣♣§§§♣♣
≈.♣♣≈≈§Z§♣♣
..[..§ZZ@§♣♣
♣...≈§ZD§§♣
♣≈.≈§§§t§§♣ ≈$≈♣.
♣≈≈≈§≈≈§≈%♣
≈§...♣♣♣.≈[≈≈≈≈≈♣
≈≈≈§§≈.≈≈.♣≈≈≈≈≈.♣
≈≈≈≈≈≈≈...♣≈≈≈≈≈.♣
≈≈≈≈...?.♣♣♣.≈≈≈♣≈
≈≈...≈.Z. ≈...♣♣≈♣


You could see an eight-headed hydra, a ghost crab, a spectral anaconda, a
spectral spiny frog, a spectral swamp dragon and a spectral spriggan druid.

Vanquished Creatures
  Asterion (Spider:1)
  3 thorn hunters
  The ghost of Ofeisot the Messiah, an adept HOMo of Beogh (Spider:3)
  Donald (Orc:2)
  An orc warlord (Orc:2)
  5 ghost moths
  8 emperor scorpions
  3 entropy weavers
  Nessos (Lair:5)
  2 deep elf annihilators (Elf:1)
  2 spark wasps (Spider:4)
  Snorg (Lair:5)
  Josephine (Lair:6)
  10 hydras
  Erica (D:11)
  2 centaur warriors
  2 catoblepae
  5 dancing weapons (Elf:1)
  11 alligators
  3 two-headed ogres
  3 death yaks (Lair:6)
  Urug (D:10)
  4 deep elf knights (Elf:1)
  5 orc high priests
  Sonja (D:10)
  4 swamp dragons
  2 spriggan druids
  A shambling mangrove (Swamp:3)
  19 deep elf magi (Elf:1)
  4 deep elf archers (Elf:1)
  4 orc knights
  7 ugly things
  32 wolf spiders
  4 orc sorcerers (Orc:2)
  An oklob plant (Lair:5)
  2 manticores (Lair:6)
  2 cyclopes
  2 moths of wrath
  18 orb spiders
  10 elephants
  Maurice (D:9)
  5 black mambas (Lair:6)
  4 torpor snails
  3 gargoyles
  14 spiny frogs
  3 komodo dragons
  22 demonic crawlers
  A queen bee (D:9)
  A rime drake (Lair:4)
  11 polar bears
  34 jumping spiders
  5 trolls
  11 hornets
  20 blink frogs
  7 dream sheep
  23 tyrant leeches
  7 slime creatures
  11 hippogriffs
  3 bog bodies
  2 raiju (Lair:6)
  2 shadows
  27 tarantellas
  3 wraiths (Lair:6)
  101 redbacks
  2 spriggans (Swamp:2)
  16 humans (D:13)
  2 wyverns
  24 yaks
  3 basilisks
  Grum (D:10)
  17 vampire mosquitoes
  12 swamp worms
  7 wargs
  15 hell hounds (Lair:6)
  7 insubstantial wisps
  7 water moccasins
  The ghost of Verideth the Conjurer, an amateur DECj (D:3)
  4 porcupines
  4 swamp drakes
  A sky beast (D:11)
  11 black bears (Lair:6)
  2 eyes of draining
  48 orc warriors
  5 ice beasts
  8 ogres
  4 phantoms
  9 centaurs
  20 wolves
  17 crocodiles
  A big kobold (shapeshifter) (Elf:1)
  18 bullfrogs
  2 big kobolds
  A wyvern zombie (D:10)
  A wyvern skeleton (D:7)
  3 scorpions
  30 killer bees
  2 vampire bats (D:6)
  4 wights (D:6)
  2 electric eels
  A howler monkey (D:4)
  5 crimson imps
  A quasit (D:6)
  6 gnoll shamans
  15 jellies
  32 orc priests
  32 orc wizards
  3 hounds
  4 iguanas
  10 worker ants
  A hell rat (Lair:6)
  A hound zombie (D:3)
  2 hound skeletons
  13 mummies
  A howler monkey skeleton (D:5)
  15 gnolls
  15 adders
  A river rat (Sewer)
  3 shadow imps
  A white imp (Spider:1)
  4 oozes
  3 adder skeletons
  3 worms
  2 dart slugs
  4 leopard geckos
  137 orcs
  2 ball pythons
  A bat skeleton (D:6)
  5 bat zombies (D:6)
  5 giant cockroaches
  5 goblins
  6 hobgoblins
  16 jackals
  19 kobolds
  5 quokkas
  3 bats
  6 frilled lizards
  4 gnoll skeletons (Ossuary)
  A goblin skeleton (Ossuary)
  A jackal zombie (D:2)
  3 orc skeletons (Ossuary)
  A quokka zombie (D:6)
  7 rats
  11 rat skeletons (Ossuary)
  A briar patch (Swamp:3)
  3 fungi (D:7)
  2 plants (D:7)
1244 creatures vanquished.

Vanquished Creatures (collateral kills)
  A hydra (Swamp:3)
  2 slime creatures (Swamp:3)
3 creatures vanquished.

Vanquished Creatures (others)
  A deep elf knight (Elf:1)
  A deep elf archer (Elf:1)
  2 spriggan druids
  A swamp dragon (Swamp:4)
  A jumping spider (Spider:4)
  A tyrant leech (Swamp:4)
  A redback (Spider:1)
  A spriggan (Swamp:2)
  A swamp drake (Swamp:4)
  An orc wizard (D:3)
  A briar patch (Swamp:3)
  14 fulminant prisms
  10 fungi
  13 plants
  5 spectral weapons
54 creatures vanquished.

Grand Total: 1301 creatures vanquished

Notes
Turn   | Place    | Note
-------+----------+-------------------------------------------
     0 | D:1      | omnifroodle the Gnoll Wanderer began the quest for the Orb.
     0 | D:1      | omnifroodle set off with: a +0 shield, a +0 short sword, a potion of lignification, a +0 robe, a +0 dagger, a ration
     0 | D:1      | Reached XP level 1. HP: 20/20 MP: 1/1
   186 | D:1      | Reached XP level 2. HP: 26/26 MP: 2/2
   198 | D:1      | HP: 1/26 [leopard gecko (2)]
  1103 | D:2      | Reached XP level 3. HP: 15/31 MP: 3/3
  1441 | D:2      | Reached skill level 1 in Invocations
  1875 | D:2      | Found a stormy altar of Qazlal.
  2232 | D:3      | Reached skill level 1 in Short Blades
  2232 | D:3      | Reached skill level 1 in Axes
  2232 | D:3      | Reached skill level 1 in Maces & Flails
  2232 | D:3      | Reached skill level 1 in Polearms
  2232 | D:3      | Reached skill level 1 in Staves
  2232 | D:3      | Reached skill level 1 in Slings
  2232 | D:3      | Reached skill level 1 in Bows
  2232 | D:3      | Reached skill level 1 in Crossbows
  2232 | D:3      | Reached skill level 1 in Throwing
  2232 | D:3      | Reached skill level 1 in Dodging
  2232 | D:3      | Reached skill level 1 in Unarmed Combat
  2232 | D:3      | Reached skill level 1 in Spellcasting
  2232 | D:3      | Reached skill level 1 in Evocations
  2245 | D:3      | Found a runed gate.
  2245 | D:3      | Found a runed gate.
  2245 | D:3      | Found a runed gate.
  2269 | D:3      | Reached XP level 4. HP: 32/38 MP: 5/5
  2303 | D:3      | Found a hazy altar of Hepliaklqana.
  2328 | D:3      | Reached skill level 1 in Conjurations
  2328 | D:3      | Reached skill level 1 in Hexes
  2328 | D:3      | Reached skill level 1 in Charms
  2328 | D:3      | Reached skill level 1 in Summonings
  2328 | D:3      | Reached skill level 1 in Necromancy
  2328 | D:3      | Reached skill level 1 in Translocations
  2328 | D:3      | Reached skill level 1 in Transmutations
  2328 | D:3      | Reached skill level 1 in Fire Magic
  2328 | D:3      | Reached skill level 1 in Ice Magic
  2328 | D:3      | Reached skill level 1 in Air Magic
  2328 | D:3      | Reached skill level 1 in Earth Magic
  2328 | D:3      | Reached skill level 1 in Poison Magic
  2446 | D:3      | Reached XP level 5. HP: 27/43 MP: 6/6
  3091 | D:3      | Noticed Verideth's ghost (amateur DECj)
  3104 | D:3      | Killed Verideth's ghost
  3104 | D:3      | Reached skill level 5 in Fighting
  3104 | D:3      | Reached skill level 5 in Armour
  3104 | D:3      | Reached XP level 6. HP: 47/51 MP: 7/9
  3312 | D:4      | Found a snail-covered altar of Cheibriados.
  3331 | D:4      | Became a worshipper of Cheibriados the Contemplative
  3400 | D:4      | Reached XP level 7. HP: 42/56 MP: 10/10
  3741 | D:4      | Reached * piety under Cheibriados
  3829 | D:4      | Reached skill level 5 in Stealth
  4187 | D:5      | Entered Level 5 of the Dungeon
  4247 | D:5      | Reached XP level 8. HP: 47/63 MP: 12/12
  4362 | D:5      | Found a shimmering altar of Xom.
  4937 | D:6      | Reached ** piety under Cheibriados
  5115 | D:6      | Found a glowing drain.
  5181 | Sewer    | Entered a sewer
  5447 | Sewer    | Reached XP level 9. HP: 69/69 MP: 14/14
  5491 | Sewer    | Gained mutation: You are resistant to electric shocks. (rElec) [potion of mutation]
  5491 | Sewer    | Gained mutation: You are somewhat resistant to further mutation. [potion of mutation]
  5545 | D:6      | Found a white marble altar of Elyvilon.
  5569 | D:6      | Reached *** piety under Cheibriados
  6043 | D:6      | Found a shadowy altar of Dithmenos.
  6296 | D:6      | Found an ancient bone altar of Kikubaaqudgha.
  6464 | D:6      | Learned a level 1 spell: Sandblast
  6669 | D:6      | Found a staircase to the Ecumenical Temple.
  6909 | D:6      | Found a basalt altar of Yredelemnul.
  7136 | D:6      | Found an ancient bone altar of Kikubaaqudgha.
  7443 | D:6      | Found a shadowy altar of Dithmenos.
  7632 | D:6      | Found a white marble altar of Elyvilon.
  7815 | D:6      | Found a staircase to the Ecumenical Temple.
  7991 | D:7      | Reached **** piety under Cheibriados
  7993 | D:7      | Reached skill level 5 in Shields
  8156 | D:7      | Found a glowing silver altar of Zin.
  8201 | D:7      | Found Det Safisk's Assorted Antiques.
  8210 | D:7      | Bought a scroll labeled FUEMIWN LUXZOR for 20 gold pieces
  8217 | D:7      | Found a sand-covered staircase.
  8225 | Ossuary  | Entered an ossuary
  8439 | Ossuary  | Reached ***** piety under Cheibriados
  8597 | D:7      | Found Xyaroibb's Antique Weapon Shoppe.
  8603 | D:7      | Bought a jewelled morningstar for 225 gold pieces
  8603 | D:7      | Identified the +5 morningstar "Xued Nox" {freeze, rElec rF+ Int+2 Dex+4} (You bought it in a shop on level 7 of the Dungeon)
  8632 | D:7      | Found Jaheqow's Food Shop.
  8841 | D:7      | Found Bise's Jewellery Emporium.
  8881 | D:7      | Reached skill level 5 in Invocations
  9232 | D:7      | Reached XP level 10. HP: 65/77 MP: 17/17
  9576 | D:7      | Reached skill level 5 in Short Blades
  9576 | D:7      | Reached skill level 5 in Axes
  9576 | D:7      | Reached skill level 5 in Maces & Flails
  9576 | D:7      | Reached skill level 5 in Polearms
  9576 | D:7      | Reached skill level 5 in Staves
  9576 | D:7      | Reached skill level 5 in Slings
  9576 | D:7      | Reached skill level 5 in Bows
  9576 | D:7      | Reached skill level 5 in Crossbows
  9576 | D:7      | Reached skill level 5 in Throwing
  9576 | D:7      | Reached skill level 5 in Dodging
  9576 | D:7      | Reached skill level 5 in Unarmed Combat
  9576 | D:7      | Reached skill level 5 in Spellcasting
  9576 | D:7      | Reached skill level 5 in Evocations
  9858 | D:8      | Found a sacrificial altar of Ru.
 10001 | D:8      | Noticed a two-headed ogre
 10009 | D:8      | Killed a two-headed ogre
 10036 | D:8      | Noticed an elephant
 10037 | D:8      | Found a staircase to the Lair.
 10045 | D:8      | Found a stormy altar of Qazlal.
 10050 | D:8      | Killed an elephant
 10483 | D:8      | Found the ring of Robustness {AC+8}
 10591 | D:8      | Found a burning altar of Makhleb.
 10781 | D:8      | Reached XP level 11. HP: 70/84 MP: 19/19
 11167 | D:9      | Learned a level 2 spell: Passwall
 11171 | D:9      | Learned a level 3 spell: Stone Arrow
 11176 | D:9      | Learned a level 4 spell: Petrify
 11182 | D:9      | Learned a level 5 spell: Lee's Rapid Deconstruction
 11269 | D:9      | Noticed Maurice
 11274 | D:9      | Killed Maurice
 11275 | D:9      | Reached ****** piety under Cheibriados
 11714 | D:9      | Found an opulent altar of Gozag.
 11714 | D:9      | Found a sparkling altar of Nemelex Xobeh.
 11854 | D:9      | Reached skill level 5 in Conjurations
 11854 | D:9      | Reached skill level 5 in Hexes
 11854 | D:9      | Reached skill level 5 in Charms
 11854 | D:9      | Reached skill level 5 in Summonings
 11854 | D:9      | Reached skill level 5 in Necromancy
 11854 | D:9      | Reached skill level 5 in Translocations
 11854 | D:9      | Reached skill level 5 in Transmutations
 11854 | D:9      | Reached skill level 5 in Fire Magic
 11854 | D:9      | Reached skill level 5 in Ice Magic
 11854 | D:9      | Reached skill level 5 in Air Magic
 11854 | D:9      | Reached skill level 5 in Earth Magic
 11854 | D:9      | Reached skill level 5 in Poison Magic
 12281 | D:10     | Entered Level 10 of the Dungeon
 12297 | D:10     | Got an encrusted halberd
 12298 | D:10     | Identified the +7 halberd "Hiefeot" {flame, rF+ Dex+4} (You found it on level 10 of the Dungeon)
 12389 | D:10     | Noticed Grum
 12400 | D:10     | Killed Grum
 12723 | D:10     | Noticed Sonja
 13007 | D:10     | Noticed Urug
 13018 | D:10     | Killed Urug
 13217 | D:10     | Found a roughly hewn altar of Beogh.
 13281 | D:10     | Killed Sonja
 13303 | D:11     | Noticed a centaur warrior
 13319 | D:11     | Noticed a cyclops
 13323 | D:11     | Killed a cyclops
 13376 | D:11     | Noticed a green ugly thing
 13387 | D:11     | Killed a green ugly thing
 13498 | D:11     | Killed a centaur warrior
 13498 | D:11     | Reached XP level 12. HP: 77/93 MP: 16/22
 13626 | D:11     | Noticed Erica
 13640 | D:11     | Killed Erica
 13937 | D:11     | Found a blossoming altar of Fedhas.
 14343 | D:12     | Noticed a two-headed ogre
 14360 | D:12     | Killed a two-headed ogre
 14414 | D:12     | Noticed a catoblepas
 14417 | D:12     | Found a staircase to the Orcish Mines.
 14418 | D:12     | Found Inoisk's Weapon Emporium.
 14431 | D:12     | Killed a catoblepas
 14820 | D:13     | Noticed a centaur warrior
 14822 | D:13     | Noticed a two-headed ogre
 14823 | D:13     | Killed a centaur warrior
 14823 | D:13     | Reached skill level 10 in Long Blades
 14826 | D:13     | Found a gate to the Vaults.
 14838 | D:13     | Killed a two-headed ogre
 14838 | D:13     | Reached XP level 13. HP: 22/101 MP: 10/24
 15155 | Orc:1    | Entered Level 1 of the Orcish Mines
 15282 | Orc:1    | Found Innasena's Assorted Antiques.
 15341 | Orc:1    | Bought a distressingly furry leather armour for 182 gold pieces
 15341 | Orc:1    | Bought a papyrus book for 390 gold pieces
 15351 | Orc:1    | Identified the +2 leather armour of Niggoidgho {*Drain Str+7} (You bought it in a shop on level 1 of the Orcish Mines)
 15355 | Orc:1    | Learned a level 3 spell: Spectral Weapon
 15358 | Orc:1    | Learned a level 2 spell: Song of Slaying
 15460 | Orc:1    | Found Pesoraiv's General Store.
 15702 | Orc:2    | Entered Level 2 of the Orcish Mines
 15823 | Orc:2    | Noticed an orc warlord
 15836 | Orc:2    | Found a staircase to the Elven Halls.
 15839 | Orc:2    | Noticed Donald
 15873 | Orc:2    | Killed Donald
 16110 | D:7      | Bought a +5 ring of strength for 535 gold pieces
 16159 | Lair:1   | Entered Level 1 of the Lair of Beasts
 16321 | Lair:1   | Got a faintly glowing ivory ring
 16357 | Lair:1   | Identified the ring of Keenn {MR+ SInv} (You found it on level 1 of the Lair of Beasts)
 16609 | Lair:1   | Found a runed door.
 16610 | Lair:1   | Found a shimmering altar of Xom.
 16610 | Lair:1   | Noticed ProzacElf's ghost (journeyman MfVM)
 17312 | Lair:2   | Found a staircase to the Swamp.
 17749 | Lair:3   | Found a dark tunnel.
 17791 | Lair:3   | Reached XP level 14. HP: 108/109 MP: 26/26
 17908 | Lair:3   | Found a hole to the Spider Nest.
 19227 | Lair:5   | Reached skill level 10 in Fighting
 19227 | Lair:5   | Reached skill level 10 in Armour
 19374 | Lair:5   | Noticed Nessos
 19383 | Lair:5   | Killed Nessos
 19411 | Lair:5   | Noticed Snorg
 19426 | Lair:5   | Was placed under penance by Cheibriados
 19430 | Lair:5   | Killed Snorg
 20014 | Lair:5   | Was forgiven by Cheibriados
 20118 | Lair:5   | Reached skill level 10 in Stealth
 20550 | Lair:6   | Entered Level 6 of the Lair of Beasts
 20585 | Lair:6   | Reached skill level 10 in Invocations
 20978 | Lair:6   | Got a clouded copper ring
 21179 | Lair:6   | Found a staircase to the Slime Pits.
 21393 | Lair:6   | Reached XP level 15. HP: 116/117 MP: 24/28
 21492 | Lair:6   | Identified the ring "Peolenik" {Wiz rElec rF+ Str+7} (You found it on level 6 of the Lair of Beasts)
 21638 | Lair:6   | Noticed Josephine
 21644 | Lair:6   | Killed Josephine
 21656 | Lair:6   | Learned a level 4 spell: Olgreb's Toxic Radiance
 21670 | Lair:6   | Reached skill level 10 in Shields
 22071 | Orc:2    | Found Vaseasemp's Antique Weapon Boutique.
 22084 | Orc:2    | Bought an encrusted mace for 192 gold pieces
 22084 | Orc:2    | Identified the +12 mace of Magnificence {holy, *Rage Int+5 Dex+9} (You bought it in a shop on level 2 of the Orcish Mines)
 22449 | Orc:2    | Killed an orc warlord
 22729 | Orc:2    | Paralysed by an orc sorcerer for 5 turns
 22869 | Orc:2    | Found Xuin's General Store.
 22870 | Orc:2    | Found Tufuz's Book Shoppe.
 22872 | Orc:2    | Found Suug's Antique Armour Shoppe.
 22872 | Orc:2    | Found Jeitub's Antique Weapon Emporium.
 22877 | Orc:2    | Bought a slimy buckler for 256 gold pieces
 22889 | Orc:2    | Identified the cursed -1 buckler of Indecent Exposure {Dex+2} (You bought it in a shop on level 2 of the Orcish Mines)
 22912 | Orc:2    | Bought a book of Conjurations for 390 gold pieces
 22917 | Orc:2    | Learned a level 4 spell: Fulminant Prism
 22934 | Orc:2    | Gained mutation: You have an increased reservoir of magic. (+10% MP) [a neqoxec]
 23273 | Orc:1    | Bought a scroll of enchant armour for 195 gold pieces
 23452 | Elf:1    | Entered Level 1 of the Elven Halls
 23472 | Elf:1    | Reached skill level 10 in Short Blades
 23472 | Elf:1    | Reached skill level 10 in Axes
 23472 | Elf:1    | Reached skill level 10 in Maces & Flails
 23472 | Elf:1    | Reached skill level 10 in Polearms
 23472 | Elf:1    | Reached skill level 10 in Staves
 23472 | Elf:1    | Reached skill level 10 in Slings
 23472 | Elf:1    | Reached skill level 10 in Bows
 23472 | Elf:1    | Reached skill level 10 in Crossbows
 23472 | Elf:1    | Reached skill level 10 in Throwing
 23472 | Elf:1    | Reached skill level 10 in Dodging
 23472 | Elf:1    | Reached skill level 10 in Unarmed Combat
 23472 | Elf:1    | Reached skill level 10 in Spellcasting
 23472 | Elf:1    | Reached skill level 10 in Evocations
 23797 | Elf:1    | Identified Vuxan's Disquisition on Attacks
 23803 | Elf:1    | Got a spiked ring mail
 23814 | Elf:1    | Identified the cursed +0 ring mail "Jutuag" {+Fly} (You found it on level 1 of the Elven Halls)
 23822 | Elf:1    | Learned a level 6 spell: Freezing Cloud
 24383 | Elf:1    | Reached XP level 16. HP: 85/125 MP: 25/33
 24419 | Elf:1    | Noticed Frances
 24423 | Elf:1    | Identified a scroll of acquirement
 24424 | Elf:1    | Got a steaming shield
 24435 | Elf:1    | Identified the +4 shield of Valiance {Regen+ Str+4 Int-2} (You acquired it on level 1 of the Elven Halls)
 24813 | Spider:1 | Entered Level 1 of the Spider Nest
 24823 | Spider:1 | Noticed Asterion
 25588 | Spider:1 | Noticed an Executioner
 25592 | Spider:1 | Killed Asterion
 26372 | Spider:2 | HP: 3/127 [redback[a torpor snail] (10)]
 27730 | Spider:3 | Reached XP level 17. HP: 74/133 MP: 35/35
 27885 | Spider:3 | Learned a level 4 spell: Force Lance
 28488 | Spider:3 | Found a runed door.
 28489 | Spider:3 | Noticed Ofeisot's ghost (adept HOMo)
 28506 | Spider:3 | Killed Ofeisot's ghost
 28600 | Spider:3 | Learned a level 2 spell: Searing Ray
 29079 | Spider:4 | Entered Level 4 of the Spider Nest
 29829 | Spider:4 | Found the +8 storm bow {elec}
 29831 | Spider:4 | Got a translucent plate armour
 29842 | Spider:4 | Identified the +0 plate armour of Atejuiv {rF+ rN+ Str+4 Dex-5} (You acquired it on level 4 of the Spider Nest)
 30464 | Spider:4 | Learned a level 1 spell: Infusion
 30599 | Spider:4 | Reached skill level 10 in Conjurations
 30599 | Spider:4 | Reached skill level 10 in Hexes
 30599 | Spider:4 | Reached skill level 10 in Charms
 30599 | Spider:4 | Reached skill level 10 in Summonings
 30599 | Spider:4 | Reached skill level 10 in Necromancy
 30599 | Spider:4 | Reached skill level 10 in Translocations
 30599 | Spider:4 | Reached skill level 10 in Transmutations
 30599 | Spider:4 | Reached skill level 10 in Fire Magic
 30599 | Spider:4 | Reached skill level 10 in Ice Magic
 30599 | Spider:4 | Reached skill level 10 in Air Magic
 30599 | Spider:4 | Reached skill level 10 in Earth Magic
 30599 | Spider:4 | Reached skill level 10 in Poison Magic
 30668 | Spider:4 | Got a gossamer rune of Zot
 30879 | Swamp:1  | Entered Level 1 of the Swamp
 30955 | Swamp:1  | Reached XP level 18. HP: 141/141 MP: 8/37
 34514 | Swamp:4  | Entered Level 4 of the Swamp
 34690 | Swamp:4  | Mangled by an eight-headed hydra

Skill      XL: |  1  2  3  4  5  6  7  8  9 10 11 12 13 14 15 16 17 18 |
---------------+-------------------------------------------------------+-----
Invocations    | 1 2 3 4 5 6 7 8 9 10 11 12 13 | 13.1
Short Blades   | 1 2 3 4 5 6 7 8 9 10 11 12 | 12.1
Axes           | 1 2 3 4 5 6 7 8 9 10 11 12 | 12.1
Maces & Flails | 1 2 3 4 5 6 7 8 9 10 11 12 | 12.1
Polearms       | 1 2 3 4 5 6 7 8 9 10 11 12 | 12.1
Staves         | 1 2 3 4 5 6 7 8 9 10 11 12 | 12.1
Slings         | 1 2 3 4 5 6 7 8 9 10 11 12 | 12.1
Bows           | 1 2 3 4 5 6 7 8 9 10 11 12 | 12.1
Crossbows      | 1 2 3 4 5 6 7 8 9 10 11 12 | 12.1
Throwing       | 1 2 3 4 5 6 7 8 9 10 11 12 | 12.1
Dodging        | 1 2 3 4 5 6 7 8 9 10 11 12 | 12.1
Unarmed Combat | 1 2 3 4 5 6 7 8 9 10 11 12 | 12.1
Spellcasting   | 1 2 3 4 5 6 7 8 9 10 11 12 | 12.1
Evocations     | 1 2 3 4 5 6 7 8 9 10 11 12 | 12.1
Conjurations   | 1 2 3 4 5 6 7 8 9 10 | 10.4
Hexes          | 1 2 3 4 5 6 7 8 9 10 | 10.4
Charms         | 1 2 3 4 5 6 7 8 9 10 | 10.4
Summonings     | 1 2 3 4 5 6 7 8 9 10 | 10.4
Necromancy     | 1 2 3 4 5 6 7 8 9 10 | 10.4
Translocations | 1 2 3 4 5 6 7 8 9 10 | 10.4
Transmutations | 1 2 3 4 5 6 7 8 9 10 | 10.4
Fire Magic     | 1 2 3 4 5 6 7 8 9 10 | 10.4
Ice Magic      | 1 2 3 4 5 6 7 8 9 10 | 10.4
Air Magic      | 1 2 3 4 5 6 7 8 9 10 | 10.4
Earth Magic    | 1 2 3 4 5 6 7 8 9 10 | 10.4
Poison Magic   | 1 2 3 4 5 6 7 8 9 10 | 10.4
Shields        | 3 4 5 6 7 8 9 10 11 12 | 12.3
Fighting       | 5 6 7 8 9 10 11 12 | 12.8
Armour         | 5 6 7 8 9 10 11 12 | 12.8
Long Blades    | 7 8 9 10 11 12 13 | 13.5
Stealth        | 5 6 7 8 9 10 11 12 | 12.7

Action                   |  1- 3 |  4- 6 |  7- 9 | 10-12 | 13-15 | 16-18 || total
-------------------------+-------+-------+-------+-------+-------+-------++-------
Melee: Short sword       |   128 |    29 |       |       |       |       ||   157
       Bite              |    12 |    12 |    78 |    93 |   188 |   224 ||   607
       War axe           |       |    90 |   271 |       |       |       ||   361
       Long sword        |       |       |   140 |       |       |       ||   140
       Morningstar       |       |       |    37 |   476 |   769 |       ||  1282
       Mace              |       |       |       |       |   206 |   974 ||  1180
       Staff             |       |       |       |       |       |    14 ||    14
 Cast: Sandblast         |       |       |    14 |       |       |    20 ||    34
       Stone Arrow       |       |       |       |    14 |     2 |   102 ||   118
       Petrify           |       |       |       |     1 |    11 |    37 ||    49
       Song of Slaying   |       |       |       |       |    34 |    14 ||    48
       Spectral Weapon   |       |       |       |       |    23 |     6 ||    29
       Olgreb's Toxic Ra |       |       |       |       |     7 |     4 ||    11
       Lee's Rapid Decon |       |       |       |       |     6 |    23 ||    29
       Fulminant Prism   |       |       |       |       |     4 |    10 ||    14
       Freezing Cloud    |       |       |       |       |     2 |    31 ||    33
       Force Lance       |       |       |       |       |       |    65 ||    65
       Infusion          |       |       |       |       |       |     8 ||     8
       Searing Ray       |       |       |       |       |       |    10 ||    10
Invok: Bend Time         |       |       |       |     2 |       |       ||     2
       Slouch            |       |       |       |     7 |     7 |     3 ||    17
       Temporal Distorti |       |       |       |       |     1 |       ||     1
Evoke: Wand              |       |       |       |     1 |    23 |     8 ||    32
       Phantom mirror    |       |       |       |       |       |     1 ||     1
  Use: Scroll            |     6 |     3 |    16 |     9 |    24 |    19 ||    77
       Potion            |       |     3 |     8 |     1 |     6 |     8 ||    26
 Stab: Sleeping          |     9 |     3 |     9 |    17 |     3 |     6 ||    47
       Petrified         |       |       |       |     7 |    12 |    16 ||    35
       Distracted        |       |       |       |       |     4 |     5 ||     9
  Eat: Chunk             |     4 |     4 |     7 |     8 |    16 |    10 ||    49
       Ration            |       |       |     1 |     1 |     2 |     4 ||     8
Armor: Robe              |    21 |    11 |       |       |       |       ||    32
       Skin              |       |     1 |     2 |       |       |       ||     3
       Ring mail         |       |    15 |    67 |       |     5 |   133 ||   220
       Scale mail        |       |       |   108 |   196 |    13 |       ||   317
       Plate armour      |       |       |       |       |   546 |   178 ||   724
       Leather armour    |       |       |       |       |    16 |   185 ||   201
Dodge: Dodged            |    39 |    43 |   193 |   337 |   860 |  1370 ||  2842
Block: Shield            |    47 |    47 |   280 |   469 |  1133 |  1998 ||  3974
       Reflection        |       |       |       |       |    17 |     8 ||    25
       Rpst.: Long sword |       |       |    27 |       |       |       ||    27
